 Dungeon Crawl Stone Soup version 0.21-a0-228-g14ccbf3 (webtiles) character file.

338160 4thArraOfDagon the Fencer (level 22, -5/223 HPs)
             Began as a Formicid Arcane Marksman on Aug 24, 2017.
             Was an Elder of Wu Jian.
             Slain by a hell knight
             ... wielding a +4 demon trident
              (14 damage)
             ... on level 4 of the Vaults on Aug 31, 2017.
             The game lasted 03:33:20 (29368 turns).

4thArraOfDagon the Fencer (FoAM)                   Turns: 29368, Time: 03:33:21

Health: -5/223     AC: 29    Str: 23    XL:     22   Next: 92%
Magic:  33/37      EV: 27    Int: 18    God:    Wu Jian [****..]
Gold:   2398       SH:  0    Dex: 19    Spells: 28/44 levels left

rFire    + . .     SeeInvis +   e - +6 great sword (drain)
rCold    + . .     Gourm    .   (no shield)
rNeg     + . .     Faith    .   (armour currently unavailable)
rPois    ∞         Spirit   .   (helmet unavailable)
rElec    +         Reflect  .   L - +2 cloak {MR+}
rCorr    +         Harm     .   (gloves currently unavailable)
MR       +++++                  (boots currently unavailable)
Stlth    +++++.....             I - necklace of Bloodlust {*Rage +Rage MR++ Int-3 Slay+6 *Curse}
HPRegen  0.47/turn              Q - ring of Rinocuewk {-Tele Str+2 Dex+2 Stlth+}
MPRegen  0.25/turn              s - ring "Cuppo" {Str+4 Dex+3 Stlth+}

@: agile, exhausted, statue-form, resistant, studying 2 skills, very slow
A: permanent stasis, dig shafts and tunnels, four strong arms, antennae 3, claws
1, clumsy 1, deformed body, sense surroundings 1, poison resistance, screaming
3, evolution 1
}: 2/15 runes: barnacled, gossamer
a: Dig, Shaft Self, End Transformation, Serpent's Lash, Renounce Religion


You were on level 4 of the Vaults.
You worshipped Wu Jian.
Wu Jian was greatly pleased with you.
You were not hungry.
You were a stone statue.
You visited 8 branches of the dungeon, and saw 39 of its levels.
You visited the Abyss 1 time.
You visited 1 bazaar.
You also visited: Ossuary, Ice Cave and Volcano.

You collected 4361 gold pieces.
You spent 1963 gold pieces at shops.

Inventory:

Hand Weapons
 e - a +6 great sword of draining (weapon)
 E - the +10 dark maul {crush}
   (You took it off a deep elf high priest on level 3 of the Elven Halls)

   It inflicts extra damage upon your enemies.
Missiles
 b - 15 steel javelins
 i - 4 throwing nets (quivered)
 m - 15 poisoned javelins
 U - 8 javelins of penetration
Armour
 j - a +2 pair of gloves (melded)
 L - a +2 cloak of magic resistance (worn)
 M - a +2 pair of boots (melded)
 R - a +1 large shield of cold resistance
 S - a +1 troll leather armour (melded)
Jewellery
 d - the ring of Otonaill {Ice Str+2 Stlth+}
   (You found it on level 4 of the Vaults)

   [ring of ice]

   It enhances your ice magic.
   It affects your strength (+2).
   It makes you vulnerable to fire.
   It protects you from cold.
   It makes you more stealthy.
 g - an uncursed ring of protection from cold
 q - an uncursed ring of positive energy
 s - the ring "Cuppo" (right claw) {Str+4 Dex+3 Stlth+}
   (You took it off a deep elf demonologist on level 3 of the Elven Halls)

   [ring of stealth]

   It affects your strength (+4).
   It affects your dexterity (+3).
   It makes you more stealthy.
 I - the necklace of Bloodlust (around neck) {*Rage +Rage MR++ Int-3 Slay+6 *Curse}
   (You took it off a deep elf elementalist on level 3 of the Elven Halls)

   [amulet of rage]

   It affects your intelligence (-3).
   It affects your accuracy and damage with ranged weapons and melee attacks
   (+6).
   It affects your resistance to hostile enchantments.
   It lets you go berserk.
   It may make you go berserk in combat.
   It curses itself when equipped.
 J - an uncursed ring of positive energy
 Q - the ring of Rinocuewk (left claw) {-Tele Str+2 Dex+2 Stlth+}
   (You found it on level 3 of the Elven Halls)

   [ring of stealth]

   It affects your strength (+2).
   It affects your dexterity (+2).
   It prevents most forms of teleportation.
   It makes you more stealthy.
Wands
 a - a wand of clouds (4/9)
 c - a wand of acid (7/15)
 t - a wand of scattershot (2/9)
 H - a wand of iceblast (3/15)
Scrolls
 r - a scroll of holy word
 v - a scroll of magic mapping
 w - 7 scrolls of enchant armour
 x - a scroll of recharging
 D - 3 scrolls of fog
 F - 2 scrolls of immolation
 G - 6 scrolls of remove curse
 N - 4 scrolls of fear
Potions
 h - a potion of curing
 k - 3 potions of invisibility
 n - a potion of cancellation
 o - 3 potions of might
 p - 2 potions of resistance
 u - 4 potions of agility
 z - 5 potions of brilliance
 K - 2 potions of ambrosia
 P - a potion of flight
 T - a potion of magic
 X - 3 potions of mutation
Books
 y - a manual of Ice Magic
 V - a manual of Transmutations
 Y - a manual of Ice Magic
Miscellaneous
 l - a lightning rod (4/4)
 C - a box of beasts
 O - a phial of floods
 W - a fan of gales
 Z - a lamp of fire
Comestibles
 f - 4 bread rations
 A - 8 meat rations


   Skills:
 - Level 14.1 Fighting
 - Level 19.3 Long Blades
 * Level 14.1 Maces & Flails
 - Level 2.0 Throwing
 - Level 6.8 Armour
 - Level 11.6 Dodging
 - Level 12.0 Shields
 - Level 11.5 Spellcasting
   Level 3.6 Hexes
 - Level 5.7 Charms
 - Level 5.5 Necromancy
 - Level 12.3 Transmutations
 - Level 13.4 Earth Magic
 - Level 7.0 Evocations


You had 28 spell levels left.
You knew the following spells:

 Your Spells              Type           Power        Failure   Level  Hunger
a - Conjure Flame         Conj/Fire      ##......     21%         3    None
b - Apportation           Tloc           ##....       7%          1    None
c - Animate Skeleton      Necr           N/A          1%          1    None
d - Swiftness             Chrm/Air       ###.....     3%          2    None
e - Statue Form           Tmut/Erth      ######...    5%          6    ######.
f - Regeneration          Chrm/Necr      ####......   1%          3    None


Dungeon Overview and Level Annotations

Branches:
Dungeon (15/15)            Temple (0/1) D:6            Lair (6/6) D:10
 Shoals (4/4) Lair:3       Spider (4/4) Lair:2        Slime (1/5) Lair:5
    Orc (2/2) D:10            Elf (3/3) Orc:2        Vaults (4/5) D:13
 Depths (0/5) D:15
  Crypt: Vaults:2-3

Altars:
Cheibriados
Dithmenos
Elyvilon
Hepliaklqana
Makhleb
Okawaru
Qazlal
Ru
Uskayaw
Vehumet
Wu Jian
Xom
The Shining One

Shops:
D:13 [   Orc:2 *%[}   Elf:3 =}}   Shoals:4 %*

Portals:
Pandemonium: Orc:2

Annotations:
D:9 George's ghost, novice HOFi
D:14 Josephine
Lair:2 exclusion: upstairs
Lair:6 exclusion: hydra
Shoals:4 Ijustatesigmund's ghost, adept GrFi
Elf:2 3 runed doors


Innate Abilities, Weirdness & Mutations

You cannot be hasted, slowed, berserked, paralysed or teleported.
You can dig through walls and to a lower floor.
Your four strong arms can wield two-handed weapons with a shield.
You have a pair of large antennae on your head. (SInv)
You have sharp fingernails.
You are clumsy. (Dex -2)
Armour fits poorly on your strangely shaped body.
You passively map a small area around you.
Your system is resistant to poisons. (rPois)
You frequently scream uncontrollably at your foes.
((You are covered in fur. (AC +1)))
You evolve.


Message History

The hell knight hits you with a great mace of flaming.
* * * LOW HITPOINT WARNING * * *
The hell knight burns you.
* * * LOW HITPOINT WARNING * * *
The hell knight hits you from afar with a glaive of flaming.
* * * LOW HITPOINT WARNING * * *
The hell knight hits you with an enchanted demon trident!
* * * LOW HITPOINT WARNING * * *
Unknown command.
Unknown command.
Unknown command.
Unknown command.
Okay, then.
Unknown command.
You spin and attack the hell knight.
You slice the hell knight!!
You kill the hell knight!
The Council accepts your kill.
Your skin stops crawling.
The hell knight hits you from afar with an enchanted demon trident!
You die...

#..........
###########..).).)†).
#.........#..#######[
#.........#..#.....#. *
*#####.........#..#.....#.
#...'.........#..#.....#.
#...')§.§.....#..#.....#.
,*#...#pp.§.....#..#.....#.
*
...####.)§8H....'..###)###.
.. #.........#.)..)..... ,
. ###########..).)..<.. , ,
,,* #'###'##### * *
#########......# ,
#.......#......# , ,
#.......#......# , ,
#.......'......#, *
#.......#......+


You could see 2 hell knights and a friendly mature shockbat beast.

Vanquished Creatures
  Bai Suzhen (Elf:3)
  Saint Roka (Vaults:4)
  Arachne (Spider:4)
  A lich (Vaults:3)
  Asterion (Spider:4)
  3 deep elf blademasters (Elf:3)
  2 deep elf master archers (Elf:3)
  Frances (Shoals:1)
  A shadow dragon (Vaults:4)
  A draconian monk (Abyss:3)
  Ilsuiw (Shoals:4)
  A tengu reaver (Vaults:3)
  A fire giant (Vaults:4)
  5 deep elf sorcerers
  3 frost giants
  5 ghost moths
  2 orc warlords
  Louise (Shoals:2)
  A vault warden (Vaults:2)
  6 emperor scorpions
  6 ironheart preservers
  5 deep elf elementalists (Elf:3)
  4 entropy weavers
  2 stone giants (Vaults:2)
  5 deep elf demonologists (Elf:3)
  7 deep elf annihilators
  A spark wasp (Spider:4)
  5 merfolk javelineers
  A green death (Abyss:3)
  5 deep elf death magi
  2 yaktaur captains (Vaults:1)
  12 merfolk impalers
  A fire dragon (Vaults:3)
  8 deep elf high priests (Elf:3)
  A rakshasa (Vaults:1)
  2 great orbs of eyes
  2 hydras
  2 catoblepae (Lair:6)
  A vault guard (Vaults:2)
  An alligator snapping turtle (Shoals:3)
  3 merfolk avatars
  3 centaur warriors
  22 two-headed ogres
  7 ogre magi
  3 death knights
  5 merfolk aquamancers
  11 dancing weapons
  4 satyrs
  2 deep troll shamans (Vaults:3)
  A tengu warrior (D:14)
  8 orc high priests (Orc:2)
  A deep troll earth mage (Vaults:3)
  Urug (Lair:4)
  2 thrashing horrors (Abyss:3)
  Sonja (D:11)
  13 deep elf knights
  6 small abominations
  A salamander mystic (Volcano)
  6 hell knights
  A skeletal warrior (Vaults:1)
  A spatial maelstrom (Abyss:3)
  7 wretched stars (Abyss:3)
  13 sea snakes
  2 unseen horrors
  A glowing orange brain (Vaults:1)
  13 deep trolls
  An unseen horror (shapeshifter) (Vaults:1)
  10 orc knights
  2 torturous demonspawn (Orc:2)
  Pikel (D:4)
  4 wizards
  15 deep elf archers
  9 ironbrand convokers
  3 necromancers
  11 harpies
  10 orc sorcerers
  44 deep elf magi
  19 orb spiders
  29 wolf spiders
  A wolf spider (shapeshifter) (Elf:2)
  18 ugly things
  3 fauns (Shoals:2)
  7 cyclopes
  9 salamanders (Volcano)
  A salamander (shapeshifter) (Elf:3)
  9 vault sentinels
  13 manticores
  2 moths of wrath (Spider:4)
  6 merfolk sirens
  2 rust devils (Orc:1)
  17 elephants
  A naga mage (Vaults:3)
  An apocalypse crab (Abyss:3)
  3 centaur zombies
  5 black mambas
  5 water nymphs
  4 smoke demons
  5 torpor snails
  18 spiny frogs
  7 rime drakes
  13 komodo dragons
  An efreet (Abyss:3)
  11 freezing wraiths
  16 demonic crawlers
  A redback zombie (D:14)
  14 yaktaurs
  A yaktaur (shapeshifter) (Vaults:4)
  32 merfolk
  A hellwing (Abyss:3)
  3 ancient zymes (Abyss:3)
  A tengu conjurer (Vaults:3)
  An ice devil (Orc:2)
  45 jumping spiders
  8 hornets
  12 trolls
  A polar bear (Lair:5)
  16 blink frogs
  5 wind drakes
  10 hippogriffs
  8 snapping turtles
  3 slime creatures
  A fire giant simulacrum (Vaults:1)
  5 dream sheep (Lair:6)
  3 air elementals
  An ettin skeleton (Vaults:1)
  4 starcursed masses (Abyss:3)
  A tarantella (shapeshifter) (Elf:3)
  7 wyverns
  12 water elementals
  4 ynoxinuls (Abyss:3)
  8 wraiths
  3 shadows
  4 fire elementals
  A human (D:7)
  73 redbacks
  A human (shapeshifter) (Abyss:3)
  6 basilisks
  3 hogs (D:7)
  31 yaks
  4 golden eyes (Slime:1)
  34 tarantellas
  3 fire bats (Lair:4)
  A hungry ghost (D:15)
  2 steam dragons
  2 chaos spawn
  8 vampire mosquitoes
  2 acid dragons
  Duvessa (D:7)
  6 wargs
  An elf skeleton (Vaults:1)
  A spatial vortex (Abyss:3)
  A soldier ant (shapeshifter) (D:14)
  19 water moccasins
  A soldier ant (D:14)
  8 large abominations (Abyss:3)
  A hell hound (D:14)
  11 porcupines
  61 orc warriors
  2 sky beasts
  A slave (D:4)
  4 phantoms
  An ettin simulacrum (Abyss:3)
  15 ogres
  An eye of draining (D:11)
  A hornet zombie (D:11)
  8 ice beasts
  2 black bears
  4 boggarts
  10 wolves (Lair:2)
  An orc skeleton (Vaults:1)
  11 centaurs
  2 big kobolds
  A crocodile (shapeshifter) (Elf:3)
  9 crocodiles
  16 bullfrogs
  9 earth elementals
  A gnoll sergeant (D:9)
  Dowan (D:7)
  5 scorpions
  A wyvern skeleton (D:11)
  2 water moccasin zombies (Ossuary)
  An elephant simulacrum (IceCv)
  A water moccasin skeleton (D:12)
  An elf simulacrum (Vaults:2)
  12 killer bees
  A swamp dragon simulacrum (IceCv)
  2 howler monkeys
  An electric eel (D:10)
  9 crimson imps
  A bullfrog zombie (D:10)
  A yaktaur simulacrum (Vaults:1)
  3 hounds
  5 draconian simulacra (IceCv)
  34 orc priests
  A jelly (D:11)
  25 orc wizards
  A bullfrog skeleton (D:7)
  3 centaur skeletons
  2 iguanas
  10 worker ants
  2 troll simulacra (IceCv)
  A polar bear simulacrum (IceCv)
  5 spriggan simulacra (IceCv)
  A wolf simulacrum (IceCv)
  3 big kobold zombies (Ossuary)
  3 centaur simulacra (IceCv)
  A hound zombie (D:10)
  2 mummies (Ossuary)
  2 worker ant zombies
  4 gnolls
  8 adders
  3 naga simulacra (IceCv)
  2 ogre simulacra (IceCv)
  7 shadow imps
  25 white imps
  An ufetubus (Abyss:3)
  An ooze (D:3)
  4 adder zombies
  2 worms (D:2)
  9 leopard geckos
  121 orcs
  4 ball pythons
  5 giant cockroaches
  5 goblins
  7 hobgoblins
  8 jackals
  4 quokkas
  3 bats
  A frilled lizard (D:4)
  5 hobgoblin zombies (Ossuary)
  15 kobolds
  4 kobold zombies (Ossuary)
  13 orc zombies (Ossuary)
  A quokka skeleton (D:4)
  A quokka zombie (D:7)
  A butterfly (Lair:6)
  2 crawling corpses (Elf:3)
  2 plants
1593 creatures vanquished.

Vanquished Creatures (collateral kills)
  A redback (Spider:2)
  An orc priest (D:13)
  An orc wizard (D:13)
3 creatures vanquished.

Vanquished Creatures (others)
  A necromancer (IceCv)
  2 deep elf magi
  A merfolk (Shoals:4)
  A jumping spider (Spider:2)
  A tarantella (Spider:3)
  An orc warrior (D:13)
  An acid dragon (D:13)
  An orc (D:10)
  15 fungi
  19 plants
  4 tentacles (Abyss:3)
  8 toadstools (Lair:3)
55 creatures vanquished.

Grand Total: 1651 creatures vanquished

Notes
Turn   | Place    | Note
-------+----------+-------------------------------------------
     0 | D:1      | 4thArraOfDagon the Formicid Arcane Marksman began the quest for the Orb.
     0 | D:1      | Reached XP level 1. HP: 15/15 MP: 2/2
    39 | D:2      | Found a shadowy altar of Dithmenos.
    85 | D:2      | You fall through a shaft for 2 floors!
    85 | D:4      | Noticed a slave
    85 | D:4      | Noticed a phantom
    88 | D:4      | Noticed a worker ant
    92 | D:4      | You fall through a shaft!
    92 | D:5      | Entered Level 5 of the Dungeon
   103 | D:5      | Noticed a crimson imp
   131 | D:6      | Found a glowing golden altar of the Shining One.
   131 | D:6      | Found a hazy altar of Hepliaklqana.
   131 | D:6      | Found a hide-covered altar of Uskayaw.
   131 | D:6      | Found an iron altar of Okawaru.
   131 | D:6      | Noticed an orc wizard
   131 | D:6      | Noticed an orc priest
   194 | D:5      | Noticed a bullfrog
   198 | D:5      | You fall through a shaft for 2 floors!
   198 | D:7      | Noticed a crimson imp
   264 | D:7      | Noticed an orc priest
   284 | D:7      | Noticed an orc warrior
   287 | D:7      | Noticed an orc wizard
   289 | D:7      | Noticed an orc wizard
   297 | D:7      | You fall through a shaft for 2 floors!
   403 | D:10     | Entered Level 10 of the Dungeon
   434 | D:10     | Noticed an ogre
   442 | D:10     | Killed an ogre
   442 | D:10     | Reached skill level 4 in Long Blades
   442 | D:10     | Reached XP level 2. HP: 19/21 MP: 3/3
   442 | D:10     | Reached XP level 3. HP: 24/26 MP: 4/4
   442 | D:10     | Reached XP level 4. HP: 30/32 MP: 5/5
   462 | D:10     | Got a translucent lead amulet
   464 | D:10     | Identified the amulet "Gesopa" {rF+ Regen+} (You found it on level 10 of the Dungeon)
   484 | D:10     | Found a staircase to the Lair.
   575 | D:10     | Reached XP level 5. HP: 27/38 MP: 6/6
   603 | D:9      | Noticed a bullfrog
   609 | D:9      | Killed a bullfrog
   613 | D:9      | Reached XP level 6. HP: 44/45 MP: 7/7
   619 | D:9      | Noticed George's ghost (novice HOFi)
   725 | D:8      | Found an ornate altar of the Wu Jian Council.
   728 | D:8      | Became a worshipper of the Wu Jian Council
   753 | D:8      | Found a sand-covered staircase.
   769 | Ossuary  | Entered an ossuary
   780 | Ossuary  | Reached skill level 5 in Long Blades
   864 | Ossuary  | Reached * piety under Wu Jian
   945 | Ossuary  | Reached XP level 7. HP: 19/52 MP: 8/8
   996 | Ossuary  | Reached skill level 6 in Long Blades
  1036 | D:8      | Noticed a hippogriff
  1050 | D:8      | Killed a hippogriff
  1191 | D:6      | Noticed a water moccasin
  1200 | D:6      | Killed a water moccasin
  1200 | D:6      | Reached skill level 7 in Long Blades
  1200 | D:6      | Reached XP level 8. HP: 49/61 MP: 9/9
  1215 | D:6      | Found a staircase to the Ecumenical Temple.
  1373 | D:6      | Reached skill level 1 in Armour
  1390 | D:6      | Reached ** piety under Wu Jian
  1419 | D:6      | Reached skill level 5 in Fighting
  1556 | D:4      | Reached skill level 1 in Evocations
  1665 | D:4      | Reached skill level 8 in Long Blades
  1682 | D:4      | Noticed Pikel
  1709 | D:4      | Killed Pikel
  1709 | D:4      | Reached XP level 9. HP: 60/69 MP: 9/11
  1855 | D:4      | Found a sacrificial altar of Ru.
  2011 | D:1      | Reached *** piety under Wu Jian
  2463 | D:3      | Found a white marble altar of Elyvilon.
  2549 | D:5      | Identified the +2 helmet "Tiut" {MP+9} (You found it on level 5 of the Dungeon)
  2550 | D:5      | :(
  2603 | D:5      | Reached skill level 9 in Long Blades
  2816 | D:7      | Noticed Duvessa
  2829 | D:7      | Killed Duvessa
  2842 | D:7      | Noticed Dowan
  2854 | D:7      | Killed Dowan
  2878 | D:7      | Found a radiant altar of Vehumet.
  2981 | D:7      | Reached **** piety under Wu Jian
  2987 | D:7      | Reached XP level 10. HP: 46/76 MP: 12/12
  3189 | D:9      | Noticed a two-headed ogre
  3218 | D:9      | Killed a two-headed ogre
  3218 | D:9      | Reached skill level 10 in Long Blades
  3218 | D:9      | Reached skill level 5 in Armour
  3234 | D:9      | Learned a level 1 spell: Apportation
  3236 | D:9      | Learned a level 1 spell: Animate Skeleton
  3341 | D:9      | Reached skill level 5 in Dodging
  3417 | D:8      | Reached skill level 5 in Evocations
  3799 | D:10     | Reached XP level 11. HP: 81/84 MP: 14/14
  3969 | D:10     | Reached ***** piety under Wu Jian
  4078 | D:10     | Found a stormy altar of Qazlal.
  4278 | D:11     | Reached skill level 11 in Long Blades
  4288 | D:11     | Learned a level 2 spell: Swiftness
  4390 | D:11     | Upgraded the game from 0.21-a0-221-gfe971b9 to 0.21-a0-227-g58a7c62
  4507 | D:12     | Noticed Maurice
  4516 | D:12     | Noticed Maurice
  4516 | D:12     | Maurice changed into Maurice the sky beast
  4524 | D:12     | Killed Maurice the sky beast
  4625 | D:12     | Noticed a cyclops
  4630 | D:12     | Killed a cyclops
  4750 | D:13     | Noticed a two-headed ogre
  4763 | D:13     | Killed a two-headed ogre
  4769 | D:13     | Noticed an enchanted long sword
  4770 | D:13     | Noticed an enchanted long sword
  5021 | D:13     | Noticed a death knight
  5069 | D:12     | Noticed an unseen horror
  5091 | D:12     | Killed an unseen horror
  5121 | D:11     | Noticed a death knight
  5162 | D:12     | Learned a level 6 spell: Statue Form
  5195 | D:12     | Reached XP level 12. HP: 88/94 MP: 17/17
  5208 | D:12     | Reached skill level 1 in Earth Magic
  5267 | D:12     | Reached skill level 1 in Transmutations
  5464 | D:13     | Noticed a centaur warrior
  5467 | D:13     | Killed a centaur warrior
  5467 | D:13     | Reached skill level 12 in Long Blades
  5485 | D:13     | Gained mutation: You do not regenerate when monsters are visible. [mutagenic meat]
  5486 | D:13     | Gained mutation: You are resistant to hostile enchantments. (MR+) [mutagenic meat]
  5487 | D:13     | Lost mutation: You do not regenerate when monsters are visible. [potion of mutation]
  5487 | D:13     | Gained mutation: Your body sometimes deteriorates upon taking damage. [potion of mutation]
  5487 | D:13     | Gained mutation: You passively map a small area around you. [potion of mutation]
  5492 | D:13     | Found Atyfyalo's Antique Armour Shop.
  5505 | D:13     | Bought a translucent ring mail for 162 gold pieces
  5516 | D:13     | Identified the +3 ring mail of the Other Side {rElec MP+9} (You bought it in a shop on level 13 of the Dungeon)
  5547 | D:13     | Noticed a centaur warrior
  5577 | D:13     | Killed a centaur warrior
  5851 | D:14     | Noticed an unseen horror
  5865 | D:14     | Killed an unseen horror
  6020 | D:15     | Entered Level 15 of the Dungeon
  6055 | D:15     | Reached skill level 5 in Earth Magic
  6079 | D:14     | Reached skill level 5 in Transmutations
  6377 | D:14     | Reached XP level 13. HP: 68/101 MP: 18/18
  6415 | D:14     | Found a shimmering altar of Xom.
  6603 | D:14     | Gained mutation: Your spells are a little harder to cast, but a little more powerful. [mutagenic meat]
  6604 | D:14     | Gained mutation: You are clumsy. (Dex -2) [mutagenic meat]
  6605 | D:14     | Gained mutation: Scrolls take you a little longer to read. [mutagenic meat]
  6606 | D:14     | Gained mutation: You have sharp fingernails. [mutagenic meat]
  6616 | D:14     | Gained mutation: You are robust. (+10% HP) [mutagenic meat]
  6617 | D:14     | Gained mutation: You are covered in fur. (AC +1) [mutagenic meat]
  6618 | D:14     | Gained mutation: You possess an exceptional clarity of mind. [mutagenic meat]
  6871 | D:14     | Found a burning altar of Makhleb.
  6894 | D:14     | Reached skill level 13 in Long Blades
  6935 | D:14     | Noticed Josephine
  7418 | D:11     | Noticed Sonja
  7429 | D:11     | Killed Sonja
  7756 | D:11     | Reached skill level 5 in Spellcasting
  8310 | D:10     | Found a staircase to the Orcish Mines.
  8319 | Orc:1    | Entered Level 1 of the Orcish Mines
  8471 | Orc:2    | Entered Level 2 of the Orcish Mines
  8471 | Orc:2    | Found a staircase to the Elven Halls.
  9548 | Orc:2    | Found Mehodghyw's Food Shop.
  9581 | Orc:2    | Reached XP level 14. HP: 95/118 MP: 22/22
  9665 | Orc:2    | Found Uwnuugua's General Store.
  9826 | Orc:2    | Bought a wand of clouds (2/9) for 270 gold pieces
 10292 | Orc:2    | Found Ischy Tid's Magic Scroll Shoppe.
 10416 | Orc:1    | Noticed an orc warlord
 10502 | Orc:2    | Lost mutation: You are robust. (+10% HP) [a neqoxec]
 10672 | Orc:2    | Noticed an orc warlord
 10902 | Orc:2    | Killed an orc warlord
 10902 | Orc:2    | Reached skill level 14 in Long Blades
 10902 | Orc:2    | Reached skill level 10 in Earth Magic
 11517 | Orc:2    | Gained mutation: You are weak. (Str -2) [a neqoxec]
 11522 | Orc:2    | Found Wibuinlu's Antique Armour Emporium.
 11522 | Orc:2    | Found a one-way gate leading to the halls of Pandemonium.
 11522 | Orc:2    | Found Ketzey's Gadget Shoppe.
 11611 | Orc:2    | Reached ****** piety under Wu Jian
 11734 | Lair:1   | Entered Level 1 of the Lair of Beasts
 12242 | Lair:1   | Reached skill level 10 in Spellcasting
 12279 | Lair:1   | Reached XP level 15. HP: 85/113 MP: 29/29
 12517 | Lair:2   | Found a frozen archway.
 12541 | IceCv    | Entered an ice cave
 12984 | IceCv    | Found an ancient bone altar of Kikubaaqudgha.
 13307 | Lair:2   | Found a hole to the Spider Nest.
 13335 | Lair:2   | Learned a level 3 spell: Conjure Flame
 13335 | Lair:2   | Got a translucent shortbow
 13336 | Lair:2   | Identified the cursed +0 shortbow of Grace {flame, +Blink rPois rF- rN++} (You found it on level 2 of the Lair of Beasts)
 13413 | Lair:2   | Reached skill level 10 in Transmutations
 13984 | Lair:4   | Found a dark tunnel.
 13995 | Volcano  | Entered a volcano
 14052 | Volcano  | p0werm0de: !hs * --am
 14052 | Volcano  | beem: 72985. 4thArraOfDagon the Metallomancer (L27 TrAM of Ashenzari), escaped with the Orb and 15 runes on 2016-08-11 16:53:16, with 44199246 points after 32957 turns and 4:29:38.
 14052 | Volcano  | p0werm0de: !hs * Fo--
 14054 | Volcano  | beem: 225672. Yermak the Executioner (L27 FoFi of Makhleb), escaped with the Orb and 15 runes on 2015-07-01 11:15:30, with 41837597 points after 34810 turns and 7:40:49.
 14171 | Lair:3   | Noticed Urug
 14462 | Lair:4   | Killed Urug
 14639 | Lair:6   | Entered Level 6 of the Lair of Beasts
 15186 | Lair:5   | Reached XP level 16. HP: 83/120 MP: 31/31
 15458 | Lair:5   | Found a snail-covered altar of Cheibriados.
 15477 | Lair:5   | You fall through a shaft!
 15663 | Lair:5   | Found a staircase to the Slime Pits.
 16324 | Lair:6   | Got a transparent leather armour
 16543 | Slime:1  | Entered Level 1 of the Pits of Slime
 16727 | Spider:1 | Entered Level 1 of the Spider Nest
 16771 | Lair:2   | Identified the +0 leather armour of the Earth {rElec} (You found it on level 6 of the Lair of Beasts)
 16791 | Spider:1 | You fall through a shaft!
 16829 | Spider:2 | Thaneod: char dump?
 16973 | Spider:2 | 4thArraOfDagon: there
 16978 | Spider:2 | 4thArraOfDagon: o hi :)
 16982 | Spider:2 | Vidiiot: Hey
 17124 | Spider:2 | Thaneod: nice mutation set
 17183 | Spider:2 | Reached skill level 10 in Fighting
 17215 | Spider:2 | Vidiiot: I like mutations
 17226 | Spider:2 | Vidiiot: I had like 8 chunks
 17230 | Spider:1 | Vidiiot: And got mostly good muts
 17234 | Spider:1 | Vidiiot: Nice change
 17413 | Spider:1 | Reached skill level 15 in Long Blades
 17415 | Spider:1 | Reached XP level 17. HP: 76/128 MP: 27/32
 18528 | Spider:4 | Entered Level 4 of the Spider Nest
 18666 | Spider:4 | Noticed Asterion
 18678 | Spider:4 | Killed Asterion
 18685 | Spider:4 | Reached skill level 16 in Long Blades
 18774 | Spider:4 | Thaneod: close...
 19138 | Spider:4 | Noticed Arachne
 19210 | Spider:4 | Killed Arachne
 19592 | Spider:4 | Reached XP level 18. HP: 119/140 MP: 29/33
 19866 | Spider:4 | Got a gossamer rune of Zot
 20229 | Spider:4 | Reached skill level 17 in Long Blades
 20813 | Lair:3   | Found a staircase to the Shoals.
 20864 | Shoals:1 | Entered Level 1 of the Shoals
 20864 | Shoals:1 | Noticed Frances
 20881 | Shoals:1 | You fall through a shaft!
 21247 | Shoals:1 | Reached skill level 10 in Dodging
 21566 | Shoals:2 | Noticed Louise
 21675 | Shoals:2 | Killed Louise
 21723 | Shoals:2 | Got a crude battleaxe
 21746 | Shoals:2 | Identified the cursed +1 battleaxe of Echeezug {speed, Int+8} (You found it on level 2 of the Shoals)
 21825 | Shoals:4 | Entered Level 4 of the Shoals
 21937 | Shoals:3 | Reached skill level 1 in Shields
 22307 | Shoals:4 | Reached XP level 19. HP: 91/149 MP: 34/34
 22337 | Shoals:4 | Found Udou's Food Shoppe.
 22519 | Shoals:4 | Noticed Ijustatesigmund's ghost (adept GrFi)
 22865 | Shoals:4 | Reached skill level 5 in Shields
 22868 | Shoals:4 | Noticed Ilsuiw
 22886 | Shoals:4 | Reached skill level 18 in Long Blades
 22908 | Shoals:4 | Killed Ilsuiw
 22937 | Shoals:4 | Got a barnacled rune of Zot
 23146 | Shoals:4 | Found Mogi Say's Assorted Antiques.
 23321 | Shoals:4 | Learned a level 3 spell: Regeneration
 23681 | Shoals:1 | Killed Frances
 23790 | Shoals:1 | You fall through a shaft!
 23791 | Shoals:2 | Vidiiot: :p
 24149 | D:10     | Upgraded the game from 0.21-a0-227-g58a7c62 to 0.21-a0-228-g14ccbf3
 24207 | Elf:1    | Entered Level 1 of the Elven Halls
 24231 | Elf:1    | Found a flickering gateway to a bazaar.
 24331 | Bazaar   | Entered a bazaar
 24331 | Bazaar   | Found Dinufar's Weapon Boutique.
 24331 | Bazaar   | Found Akhiniz's Book Boutique.
 24337 | Bazaar   | Found Goroown's Distillery.
 24389 | Bazaar   | Found Deuthrext's Gadget Emporium.
 24418 | Bazaar   | Bought a book of the Warp for 720 gold pieces
 24429 | Bazaar   | Bought a +2 great sword of draining for 331 gold pieces
 24443 | Bazaar   | Bought a potion of curing for 48 gold pieces
 24443 | Bazaar   | Bought a potion of heal wounds for 80 gold pieces
 24443 | Bazaar   | Bought a potion of curing for 48 gold pieces
 24443 | Bazaar   | Bought a potion of might for 64 gold pieces
 24443 | Bazaar   | Bought a potion of brilliance for 64 gold pieces
 24443 | Bazaar   | Bought a potion of curing for 48 gold pieces
 24443 | Bazaar   | Bought a potion of agility for 64 gold pieces
 24443 | Bazaar   | Bought a potion of agility for 64 gold pieces
 24474 | Elf:1    | Got a smoking robe
 24600 | Elf:3    | Entered Level 3 of the Elven Halls
 24688 | Elf:3    | Found Loll's Gadget Shoppe.
 24689 | Elf:3    | Found Ququyt's Jewellery Boutique.
 24690 | Elf:3    | Found Rem Pyn's Gadget Shoppe.
 24854 | Elf:3    | Gained mutation: You occasionally shout uncontrollably at your foes. [mutagenic meat]
 24921 | Elf:3    | Noticed an Ice Fiend
 24945 | Elf:3    | Reached XP level 20. HP: 158/158 MP: 35/35
 25154 | Elf:3    | Reached skill level 10 in Shields
 25193 | Elf:3    | Lost mutation: Scrolls take you a little longer to read. [mutagenic meat]
 25195 | Elf:3    | Lost mutation: You are clumsy. (Dex -2) [mutagenic meat]
 25358 | Elf:3    | Reached skill level 19 in Long Blades
 25358 | Elf:3    | Reached skill level 1 in Necromancy
 25445 | Elf:3    | Reached skill level 1 in Charms
 25562 | Elf:3    | Identified the Incunabulum of Burning Intoxication
 25582 | Elf:3    | Identified the +0 robe of Fun and Games {-Cast rElec rCorr Dex+4} (You found it on level 1 of the Elven Halls)
 25593 | Elf:3    | Got a polished longbow
 25594 | Elf:3    | Identified the cursed +1 longbow "Kiclaon" {freeze, rPois} (You found it on level 3 of the Elven Halls)
 25618 | Elf:3    | Identified the Papyrus of the Modern Planets
 25649 | Elf:3    | Identified the ring of Rinocuewk {-Tele Str+2 Dex+2 Stlth+} (You found it on level 3 of the Elven Halls)
 25671 | Elf:3    | Identified the ring "Cuppo" {Str+4 Dex+3 Stlth+} (You took it off a deep elf demonologist on level 3 of the Elven Halls)
 25836 | Elf:3    | Noticed Bai Suzhen
 25856 | Elf:3    | Killed Bai Suzhen
 26310 | Elf:2    | Found a runed gate.
 26310 | Elf:2    | Found a runed gate.
 26310 | Elf:2    | Found a runed gate.
 26469 | Elf:1    | Identified the Catalogue of Attacks
 26491 | Elf:1    | Reached XP level 21. HP: 165/165 MP: 36/36
 26761 | Elf:2    | Gained mutation: You are clumsy. (Dex -2) [mutagenic meat]
 26978 | Orc:1    | Reached skill level 1 in Maces & Flails
 27083 | D:10     | You fall through a shaft for 3 floors!
 27106 | D:13     | Found a gate to the Vaults.
 27149 | Vaults:1 | Entered Level 1 of the Vaults
 27168 | Vaults:1 | Reached skill level 5 in Charms
 27172 | Vaults:1 | Reached skill level 5 in Necromancy
 27400 | Vaults:1 | Lost mutation: You are resistant to hostile enchantments. (MR+) [mutagenic meat]
 27401 | Vaults:1 | Gained mutation: You are very clumsy. (Dex -4) [mutagenic meat]
 27402 | Vaults:1 | Gained mutation: You evolve. [mutagenic meat]
 27406 | Vaults:1 | Gained mutation: You sometimes yell uncontrollably at your foes. [mutagenic meat]
 27407 | Vaults:1 | Lost mutation: You possess an exceptional clarity of mind. [mutagenic meat]
 27413 | Vaults:1 | Lost mutation: Your body sometimes deteriorates upon taking damage. [mutagenic meat]
 27547 | Vaults:1 | Reached skill level 5 in Maces & Flails
 27617 | Vaults:1 | Gained mutation: Scrolls take you a little longer to read. [evolution]
 27845 | Vaults:1 | Lost mutation: Your spells are a little harder to cast, but a little more powerful. [mutagenic meat]
 27847 | Vaults:1 | Lost mutation: You are very clumsy. (Dex -4) [mutagenic meat]
 27848 | Vaults:1 | Gained mutation: You are dopey. (Int -2) [mutagenic meat]
 27849 | Vaults:1 | Gained mutation: Your system is resistant to poisons. (rPois) [mutagenic meat]
 27851 | Vaults:1 | Lost mutation: You are weak. (Str -2) [mutagenic meat]
 27880 | Vaults:2 | Cast into level 3 of the Abyss (vault warden)
 27880 | Abyss:3  | Found a corrupted altar of Lugonu.
 28071 | Abyss:3  | Lost mutation: Scrolls take you much longer to read. [mutagenic meat]
 28085 | Abyss:3  | HP: 4/171 [large abomination (21)]
 28247 | Abyss:3  | Reached XP level 22. HP: 154/154 MP: 19/30
 28424 | Vaults:2 | Escaped the Abyss
 28426 | Vaults:2 | You fall through a shaft for 2 floors!
 28432 | Vaults:4 | Reached skill level 10 in Maces & Flails
 28444 | Vaults:4 | Gained mutation: Armour fits poorly on your strangely shaped body. [mutagenic meat]
 28445 | Vaults:4 | Gained mutation: You rapidly evolve. [mutagenic meat]
 28780 | Vaults:3 | Found a radiant altar of Vehumet.
 29120 | Vaults:2 | You fall through a shaft for 2 floors!
 29125 | Vaults:4 | HP: 2/223 [shadow dragon/bolt of negative energy (24)]
 29154 | Vaults:4 | Got a glittering golden ring
 29156 | Vaults:4 | Identified the ring of Otonaill {Ice Str+2 Stlth+} (You found it on level 4 of the Vaults)
 29230 | Vaults:4 | Noticed Saint Roka
 29256 | Vaults:4 | Killed Saint Roka
 29305 | Vaults:4 | Lost mutation: You rapidly evolve. [mutagenic meat]
 29306 | Vaults:4 | Lost mutation: You are dopey. (Int -2) [mutagenic meat]
 29307 | Vaults:4 | Gained mutation: You frequently scream uncontrollably at your foes. [mutagenic meat]
 29367 | Vaults:4 | HP: 9/223 [hell knight/enchanted demon trident (11)]
 29368 | Vaults:4 | Slain by a hell knight

Vault maps used:
D:1:      nicolae_arrival_washed_ashore, minmay_shallow_snake_nest
D:2:      nicolae_dithmenos_shadow_blocks, minmay_tromino_v2
D:3:      minmay_wonky_spiral, nicolae_overflow_hidden_temple,
          minmay_item_behind_shaft
D:4:      kennysheep_little_box, first_bread, minmay_goblin_outpost, uniq_pikel
D:5:      st_stairs_3
D:6:      chequers_temple_overflow_statue_of_worship,
          minmay_temple_entry_junction_2, serial_curves, eino_curves_02,
          eino_curves_01, eino_curves_01, eino_curves_03
D:7:      nicolae_overflow_crystal_walls, grunt_livestock, uniq_duvessa
D:8:      lemuel_doored_altar, lightli_ossuary_entry_decrepit_ruins
D:10:     lair_entry_dummy, erik_orc_2, nicolae_qazlal_general_emergency
D:11:     cheibrodos_tormentor_scu, uniq_sonja
D:12:     uniq_maurice
D:13:     erik_vaults_1, serial_shops, nicolae_shop_behind_doors,
          corexii_leaking_fountain
D:14:     basic_altar, lemuel_tele_altar, grunt_ministairs_15, uniq_azrael,
          uniq_josephine
D:15:     grunt_enter_depths_giant_problem, fedhas_altar_3
Lair:1:   nzn_random_ring, lemuel_fruit_tree, serial_bayou_shore_a,
          grunt_megastairs_5
Lair:2:   dummy_spider_entry, portal_ice_cave_entry_imps, beast_lair_carwin_1,
          serial_bayou_shore_b
Lair:3:   gammafunk_lair_enchanted_lake, minmay_shoals_entry_hut,
          fungi_pond_lemuel, beast_lair_carwin_5, infiniplex_staircase_pool_2,
          uniq_urug
Lair:4:   nicolae_volcano_entry_batcave, beast_lair_carwin_4,
          serial_bayou_shore_b, lemuel_fruit_fields
Lair:5:   slime_dummy, kennysheep_snail_temple
Lair:6:   gammafunk_lair_ancient_temple, lemuel_fruit_fields
Shoals:1: uniq_frances
Shoals:2: nicolae_shoals_stone_sculpture_thing, nicolae_shoals_isolated_beach,
          uniq_louise
Shoals:3: nicolae_shoals_kraken_intersection, uniq_nikola
Shoals:4: shoals_end_hangedman, shoals_ilsuiw_ice, serial_shops, shop, shop
Spider:4: johnstein_spider_rune_arachne_lair, spider_trap, uniq_asterion
Orc:2:    pf_orc_diabolical, serial_shops, shop
Elf:1:    serial_shops, bzr_in_the_mist, minmay_elf_annihilation
Elf:3:    minmay_elf_hall_not_hex, grunt_ministairs_10, corexii_checkpoint_a,
          minmay_shop_grove, uniq_bai_suzhen
Vaults:1: v_rooms_6, vaults_mumra_chevron_long, ontoclasm_vaults_gateway,
          nicolae_vaults_little_squares_1, v_alt_pattern_6, st_squares,
          hangedman_vaults_corner_blocks, vaults_dpeg_cross, v_pattern_3,
          nicolae_vaults_yaktaur_gun_rack
Vaults:2: ontoclasm_vaults_ligature, nicolae_vaults_circle_grid_b,
          hangedman_vaults_maws, vaults_room_stairs_pillars,
          vaults_room_fancy_cross, st_quartered_hall,
          nicolae_vaults_little_squares_2, nicolae_vaults_little_squares_6,
          vaults_room_corners
Vaults:3: v_rooms_3, v_misc_23, grunt_vaults_diagonal, hangedman_vaults_slice,
          vaults_room_ringed_pool, nicolae_vaults_twisting_passages,
          hangedman_vaults_nails, nicolae_vaults_three_branches,
          dpeg_vaults_monster_box, minmay_crypt_entry_necro_gods,
          grunt_tower_of_power
Vaults:4: hangedman_vaults_corner_blocks, vaults_room_door_ring,
          nicolae_vaults_circle_grid_b, v_pattern_4, ontoclasm_vaults_hangar,
          v_alt_pattern_1, v_misc_18, nicolae_vaults_little_squares_1, v_misc_5,
          ontoclasm_vaults_echo, vaults_room_pools, serial_shops, shop,
          uniq_saint_roka
Abyss:3:  minivault_4
Bazaar:   bazaar_jpeg_ribbon
Ossuary:  ossuary_tomb_2
IceCv:    ice_cave_small_necro
Volcano:  volcano_caves

Skill      XL: |  1  2  3  4  5  6  7  8  9 10 11 12 13 14 15 16 17 18 19 20 21 22 |
---------------+-------------------------------------------------------------------+-----
Long Blades    | 4 5 7 8 9 10 11 12 13 14 15 16 17 18 19 | 19.3
Fighting       | 2 3 4 5 6 7 8 9 10 11 13 14 | 14.1
Dodging        | 3 4 5 6 7 9 10 11 | 11.6
Armour         | 3 4 5 6 |  6.8
Evocations     | 2 3 5 6 7 |  7.0
Earth Magic    | 5 9 10 12 13 | 13.4
Transmutations | 5 8 9 11 12 | 12.3
Spellcasting   | 3 5 10 11 | 11.5
Shields        | 3 8 11 12 | 12.0
Necromancy     | 3 5 |  5.5
Charms         | 3 5 |  5.7
Maces & Flails | 9 14 | 14.1
Throwing       | |  2.0
Hexes          | |  3.6

Action                   |  1- 3 |  4- 6 |  7- 9 | 10-12 | 13-15 | 16-18 | 19-21 | 22-24 || total
-------------------------+-------+-------+-------+-------+-------+-------+-------+-------++-------
Melee: Falchion          |    10 |   141 |   495 |   989 |       |       |       |       ||  1635
       Unarmed           |     4 |       |       |       |       |       |       |       ||     4
       Long sword        |       |       |       |    17 |  2348 |  2207 |   507 |       ||  5079
       Great sword       |       |       |       |       |    82 |       |   872 |   344 ||  1298
Throw: Javelin           |     5 |       |     3 |       |       |       |       |       ||     8
       Throwing net      |     2 |       |       |       |       |     1 |       |       ||     3
 Cast: Statue Form       |       |       |       |       |     2 |    92 |    71 |    18 ||   183
       Regeneration      |       |       |       |       |       |       |    23 |    26 ||    49
Invok: Serpent's Lash    |       |       |       |     1 |     1 |     5 |     8 |     3 ||    18
       Heavenly Storm    |       |       |       |     1 |     1 |     1 |     7 |     2 ||    12
 Abil: Shaft Self        |     4 |       |       |       |       |     3 |     2 |     1 ||    10
       Dig               |     2 |       |    37 |    37 |    90 |    63 |    40 |     1 ||   270
       End Transformatio |       |       |       |       |       |    60 |    44 |     3 ||   107
Evoke: Wand              |       |       |     3 |    14 |    38 |     7 |       |       ||    62
       Phantom mirror    |       |       |       |       |       |       |     1 |       ||     1
       Fan of gales      |       |       |       |       |       |       |       |     1 ||     1
       Box of beasts     |       |       |       |       |       |       |       |     1 ||     1
  Use: Scroll            |     2 |     2 |     6 |     7 |    15 |    11 |    14 |     1 ||    58
       Potion            |       |       |     1 |     4 |    11 |     5 |    14 |    11 ||    46
 Stab: Held in net/web   |     1 |       |       |       |       |       |       |       ||     1
       Sleeping          |       |       |     2 |     1 |     2 |     1 |     1 |     5 ||    12
       Confused          |       |       |       |       |       |     2 |       |       ||     2
       Paralysed         |       |       |       |       |       |       |       |     1 ||     1
  Eat: Bread ration      |       |     1 |       |     1 |       |     6 |     6 |     1 ||    15
       Chunk             |       |       |     7 |     3 |    24 |    19 |    50 |    13 ||   116
       Royal jelly       |       |       |     2 |     7 |     1 |     9 |     4 |       ||    23
       Fruit             |       |       |       |     2 |    19 |    15 |     5 |     2 ||    43
       Meat ration       |       |       |       |     1 |     3 |       |       |       ||     4
Armor: Scale mail        |     7 |    47 |   186 |   197 |       |       |       |       ||   437
       Troll leather arm |       |       |       |    94 |   625 |   168 |    70 |     2 ||   959
       Skin              |       |       |       |       |    28 |  1815 |   593 |   139 ||  2575
Dodge: Dodged            |    10 |    37 |   231 |   471 |  1031 |  2032 |  1018 |   281 ||  5111
Block: Large shield      |       |       |       |       |       |       |     1 |       ||     1
       Rpst.: Falchion   |       |     9 |    68 |   122 |       |       |       |       ||   199
       Long sword        |       |       |       |     2 |   261 |   397 |    98 |       ||   758
       Great sword       |       |       |       |       |    10 |       |   133 |    46 ||   189

Table legend:
 A = Spawn XP
 B = Non-spawn XP
 C = Spawn XP percentage of total XP
 D = Spawn monster count
 E = Non-spawn monster count
 F = Spawn count percentage of total count
 G = Total turns spent on level
                    A         B        C        D         E        F      G
               +---------+---------+-------+---------+---------+-------+---------
         Total |   53059 |  534841 |   9.0 |     161 |    1433 |  10.1 | 29368
               +---------+---------+-------+---------+---------+-------+---------
           D:1 |       0 |       6 |   0.0 |       0 |       5 |   0.0 |   114
           D:2 |       0 |      51 |   0.0 |       0 |      11 |   0.0 |   256
           D:3 |       0 |      43 |   0.0 |       0 |      13 |   0.0 |   236
           D:4 |       0 |    1185 |   0.0 |       0 |      27 |   0.0 |   412
           D:5 |       0 |     307 |   0.0 |       0 |      16 |   0.0 |   318
           D:6 |      96 |     470 |  17.0 |       1 |      18 |   5.3 |   453
           D:7 |      82 |    1692 |   4.6 |       3 |      27 |  10.0 |   542
           D:8 |       0 |     705 |   0.0 |       0 |      13 |   0.0 |   458
           D:9 |       0 |    2569 |   0.0 |       0 |      26 |   0.0 |   704
          D:10 |     199 |    2763 |   6.7 |      10 |      45 |  18.2 |  1157
          D:11 |      16 |    3834 |   0.4 |       2 |      23 |   8.0 |   580
          D:12 |     341 |    4687 |   6.8 |       5 |      22 |  18.5 |   741
          D:13 |     687 |    9935 |   6.5 |       6 |      36 |  14.3 |  1150
          D:14 |     115 |    9319 |   1.2 |       5 |      35 |  12.5 |  1143
          D:15 |       0 |     673 |   0.0 |       0 |       3 |   0.0 |    51
        Lair:1 |     210 |    7132 |   2.9 |       1 |      30 |   3.2 |   629
        Lair:2 |       0 |    8786 |   0.0 |       0 |      46 |   0.0 |   888
        Lair:3 |       0 |    3256 |   0.0 |       0 |      13 |   0.0 |   289
        Lair:4 |       0 |    7432 |   0.0 |       0 |      27 |   0.0 |   625
        Lair:5 |     478 |    4407 |   9.8 |       2 |      18 |  10.0 |   680
        Lair:6 |    1025 |   22181 |   4.4 |       2 |      63 |   3.1 |  1277
      Shoals:1 |    1600 |    6973 |  18.7 |       2 |      14 |  12.5 |   569
      Shoals:2 |    1662 |   17641 |   8.6 |       3 |      31 |   8.8 |   939
      Shoals:3 |    1734 |   10939 |  13.7 |       5 |      21 |  19.2 |   658
      Shoals:4 |    2797 |   36344 |   7.1 |       6 |      57 |   9.5 |   956
      Spider:1 |     105 |    9630 |   1.1 |       1 |      28 |   3.4 |   344
      Spider:2 |    3880 |   15787 |  19.7 |      13 |      42 |  23.6 |   789
      Spider:3 |    3413 |   12916 |  20.9 |       7 |      36 |  16.3 |   798
      Spider:4 |    6092 |   50140 |  10.8 |      19 |      95 |  16.7 |  1979
       Slime:1 |       0 |    1003 |   0.0 |       0 |       5 |   0.0 |    58
         Orc:1 |     121 |    7264 |   1.6 |       1 |      42 |   2.3 |   712
         Orc:2 |     860 |   23615 |   3.5 |      15 |     123 |  10.9 |  2907
         Elf:1 |      87 |   21431 |   0.4 |       1 |      31 |   3.1 |   536
         Elf:2 |    3214 |   18078 |  15.1 |       6 |      32 |  15.8 |   498
         Elf:3 |    2860 |   65166 |   4.2 |       4 |      54 |   6.9 |  1478
      Vaults:1 |    9986 |   41397 |  19.4 |      16 |      73 |  18.0 |   711
      Vaults:2 |     205 |   14465 |   1.4 |       1 |      21 |   4.5 |   195
      Vaults:3 |       0 |   31079 |   0.0 |       0 |      41 |   0.0 |   387
      Vaults:4 |       0 |   36875 |   0.0 |       0 |      45 |   0.0 |   382
       Abyss:3 |   11194 |   10567 |  51.4 |      24 |      29 |  45.3 |   544
       Ossuary |       0 |     307 |   0.0 |       0 |      32 |   0.0 |   264
         IceCv |       0 |    5555 |   0.0 |       0 |      53 |   0.0 |   751
       Volcano |       0 |    6236 |   0.0 |       0 |      11 |   0.0 |    89
               +---------+---------+-------+---------+---------+-------+---------
